 Dungeon Crawl Stone Soup version 0.17-a0-2101-g0c122e7 (webtiles) character file.

114 radek the Conjurer (level 4, -1/24 HPs)
             Began as a Deep Elf Conjurer on Oct 18, 2015.
             Killed from afar by an orc wizard (4 damage)
             ... with a puff of flame
             ... on level 4 of the Dungeon.
             The game lasted 00:08:43 (2098 turns).

radek the Conjurer (Deep Elf Conjurer)              Turns: 2098, Time: 00:08:43

Health: -1/24      AC:  2    Str:  6      XL:     4   Next: 66%
Magic:  0/10       EV: 12    Int: 20      God:
Gold:   174        SH:  0    Dex: 13 (15) Spells: 1 memorised, 8 levels left

rFire  + . .     SeeInvis .     h - +0 dagger
rCold  x . .     Clarity  .     a - +0 robe
rNeg   . . .     SustAt   .     (no shield)
rPois  .         Gourm    .     (no helmet)
rElec  .         Spirit   .     (no cloak)
rCorr  .         Warding  .     (no gloves)
rMut   .         Stasis   .     (no boots)
MR     .....                    (no amulet)
Stlth  ++........               (no ring)
                                e - ring of fire

@: exhausted, slowed, very slow, not resistant to hostile enchantments,
unstealthy
A: no striking features
a: no special abilities


You were on level 4 of the Dungeon.
You were not hungry.

You visited 1 branch of the dungeon, and saw 4 of its levels.

You collected 174 gold pieces.

Inventory:

Hand Weapons
 h - a +0 dagger (weapon)
Armour
 a - a +0 robe (worn)
Jewellery
 e - a ring of fire (left hand)
 k - an uncursed amulet of resist corrosion {unknown}
 r - an uncursed ring of invisibility {unknown}
Scrolls
 d - a scroll of enchant weapon {unknown}
 f - 4 scrolls of teleportation {unknown}
 g - a scroll of blinking {unknown}
 i - 3 scrolls of enchant armour {unknown}
 n - 2 scrolls of noise {unknown}
 p - a scroll of fog {unknown}
 q - a scroll of identify {unknown}
 s - a scroll of recharging {unknown}
 u - a scroll of immolation {unknown}
Potions
 m - a potion of degeneration
 o - a potion of brilliance
Books
 b - a book of Conjurations

   Spells                             Type                      Level
   a - Magic Dart                     Conjuration                  1
   b - Searing Ray                    Conjuration                  2
   c - Dazzling Spray                 Conjuration/Hexes            3
   d - Fulminant Prism                Conjuration/Hexes            4
   e - Iskenderun's Mystic Blast      Conjuration                  4
   f - Iskenderun's Battlesphere      Conjuration/Charms           5
Comestibles
 c - 4 bread rations
 l - 3 meat rations
 w - 2 slices of pizza
 x - a chunk of flesh


   Skills:
 - Level 2.4 Dodging
 - Level 2.4 Stealth
 - Level 3.0 Spellcasting
 + Level 6.7 Conjurations


You had 8 spell levels left.
You knew the following spells:

 Your Spells              Type           Power        Failure   Level  Hunger
a - Magic Dart            Conj           ####         1%          1    None


Dungeon Overview and Level Annotations

Branches:
Dungeon (4/15)
 Temple: D:4-7

Altars:

Annotations:
D:3 Robin


Message History

The orc wizard miscasts a cantrip.
Casting: Magic Dart
Confirm with . or Enter, or press ? or * to list all spells.
Aiming: Magic Dart
Press: ? - help, Shift-Dir - straight line, f/p - orc wizard
Aim: an orc wizard, wielding a dagger and wearing a robe (heavily wounded, fast)
The magic dart hits the orc wizard.
The orc wizard is almost dead.
The orc wizard hits you but does no damage.
The orc wizard barely misses you.
You miss the orc wizard.
The orc wizard is almost dead.
The orc wizard hits you with a dagger.
* * * LOW HITPOINT WARNING * * *
The orc wizard closely misses you.
You closely miss the orc wizard.
The orc wizard is almost dead.
The orc wizard gestures at you while chanting.
The puff of flame hits you! You resist.
You die...

#.....# #.....# #.#.#
#.....# #.#.#
#.....###.#.#
#.....+.....##
###.....###>....
##.#............#
##..#.........(...
##@o.######........
##...## ###.....>..
##....#####..........
##.!..##..............
#....##....(..........
#...##............##..
##..##.................
#..##............######
#.##....#........#


You could see an orc wizard.

Vanquished Creatures
  A giant frog zombie (D:3)
  An orc priest (D:4)
  An adder (D:4)
  A worm (D:2)
  An orc (D:4)
  A ball python (D:1)
  7 bats
  A giant cockroach (D:1)
  5 hobgoblins
  A jackal (D:2)
  A quokka (D:4)
  A giant newt (D:2)
  5 goblins
  4 kobolds
  7 rats
38 creatures vanquished.

Notes
Turn   | Place    | Note
--------------------------------------------------------------
     0 | D:1      | radek the Deep Elf Conjurer began the quest for the Orb.
     0 | D:1      | Reached XP level 1. HP: 10/10 MP: 6/6
   317 | D:1      | Reached XP level 2. HP: 15/15 MP: 6/8
   326 | D:1      | Reached skill level 5 in Conjurations
  1142 | D:2      | Reached XP level 3. HP: 19/19 MP: 6/9
  1474 | D:3      | Reached skill level 6 in Conjurations
  1474 | D:3      | Reached XP level 4. HP: 11/24 MP: 0/10
  1690 | D:3      | Noticed Robin
  2098 | D:4      | Killed from afar by an orc wizard

Vault maps used:
D:1:      sevenhm_arrival_forest_fort_large_2, kennysheep_boxes
D:3:      nicolae_dithmenos_shadow_blocks, uniq_robin
D:4:      first_bread, nrook_mini_backslash, fedhas_altar_4

Action                   |  1- 3 |  4- 6 || total
-------------------------+-------+-------++-------
Melee: Dagger            |     1 |     3 ||     4
 Cast: Magic Dart        |    66 |    23 ||    89
  Use: Potion            |       |     5 ||     5
  Eat: Chunk             |     1 |       ||     1
       Meat ration       |       |     1 ||     1
